 Dungeon Crawl Stone Soup version 0.25-a0-1073-gf4359a17dd (webtiles) character file.

Game seed: 17334221336903610303, levelgen mode: deterministic

91 Hugehornet the Insei (level 4, -10/28 HPs)
             Began as an Octopode Transmuter on May 14, 2020.
             Mangled by a gnoll
             ... wielding a +0 flail
              (12 damage)
             ... on level 2 of the Dungeon.
             The game lasted 00:03:30 (1952 turns).

Hugehornet the Insei (Octopode Transmuter)          Turns: 1952, Time: 00:03:31

Health: -10/28     AC:  1    Str:  9    XL:     4   Next: 59%
Magic:  7/8        EV: 13    Int: 16    God:
Gold:   25         SH:  0    Dex: 12    Spells: 2/8 levels left

rFire    . . .     SeeInvis .     - Unarmed
rCold    . . .     Gourm    .   (no shield)
rNeg     . . .     Faith    .   (helmet restricted)
rPois    .         Spirit   .   (no amulet)
rElec    .         Reflect  .   (no ring)
rCorr    .         Harm     .   (no ring)
MR       .....                  (no ring)
Stlth    ++........             (no ring)
HPRegen  0.09/turn              (no ring)
MPRegen  0.11/turn              (no ring)
                                (no ring)
                                (no ring)

@: appendage (expiring), stab, very slightly contaminated
A: almost no armour, stealthy swim, amphibious, 8 rings, constrict 8, tentacle
spike 3, camouflage 1, gelatinous body 1
a: End Transformation


You were on level 2 of the Dungeon.
You were hungry.
One of your tentacles had a temporary spike.
You visited 1 branch of the dungeon, and saw 2 of its levels.

You collected 25 gold pieces.

Inventory:

Missiles
 a - 39 arrows
Scrolls
 b - a scroll of remove curse {unknown}
 d - a scroll of identify {unknown}
 e - a scroll of magic mapping {unknown}
Potions
 f - a potion of resistance {unknown}
 g - a potion of curing {unknown}
 h - a potion of stabbing
 i - a potion of mutation {unknown}
Comestibles
 c - 4 rations


   Skills:
 - Level 1.0 Fighting
 - Level 2.0 Dodging
 + Level 3.4 Unarmed Combat
 + Level 2.8 Spellcasting
 - Level 3.0 Transmutations
 * Level 2.3 Poison Magic


You had 2 spell levels left.
You knew the following spells:

 Your Spells              Type           Power        Failure   Level  Hunger
a - Beastly Appendage     Tmut           ##....       5%          1    #......
b - Sticks to Snakes      Tmut           ##......     9%          2    ##.....
c - Spider Form           Tmut/Pois      ##........   19%         3    ###....

Your spell library contained the following spells:

 Spells                   Type           Power        Failure   Level  Hunger
 Ice Form                 Ice/Tmut       #.......     71%         4    #####..
 Blade Hands              Tmut           ##........   83%         5    ######.


Dungeon Overview and Level Annotations

Branches:
Dungeon (2/15)

Altars:


Innate Abilities, Weirdness & Mutations

You cannot wear most types of armour.
You are very stealthy in the water. (Stealth+)
You are amphibious.
You can wear up to eight rings at the same time.
You can use your tentacles to constrict eight enemies at once.
Your skin changes colour to match your surroundings (Stealth+).
Your rubbery body absorbs attacks. (AC +1, EV +1)
One of your tentacles bears a large vicious spike.


Message History

The gnoll barely misses you.
You tentacle-slap the gnoll but do no damage.
You pierce the gnoll, but do no damage.
You squeeze the gnoll.
The gnoll is heavily wounded.
You constrict the gnoll. x2; The gnoll hits you with a +0 flail!
* * * LOW HITPOINT WARNING * * *
The gnoll hits you.
* * * LOW HITPOINT WARNING * * *
It was a potion of stabbing.
You feel ready to backstab.
You constrict the gnoll. x2; The gnoll closely misses you.
The gnoll barely misses you.
Okay, then.
You tentacle-slap the gnoll but do no damage.
You pierce the gnoll.
You squeeze the gnoll.
The gnoll is almost dead.
You constrict the gnoll. x2
You kill the gnoll!
The gnoll hits you with a +0 flail!
You die...

. ....... #............
.. ..... ###............
...##.#.. ..........#...
..g.....# #...........#
........## #........<...
.......)g# #............
########g## #............
#†g####..........##
##@#....)##.<.....#
##......####........
######........###.>....#.
#........((##..##........
........######..)........
......### ####...#....
...... ###...... ......
###.... ..... #....


You could see 2 gnolls and a hobgoblin.

Vanquished Creatures
  2 gnolls (D:2)
  An adder (D:2)
  An ooze (D:1)
  2 worms (D:2)
  A leopard gecko (D:1)
  2 bats (D:1)
  5 hobgoblins
  2 jackals (D:2)
  8 kobolds
  A quokka (D:2)
  8 frilled lizards
  9 goblins
  11 rats
53 creatures vanquished.

Notes
Turn   | Place    | Note
-------+----------+-------------------------------------------
     0 | D:1      | Hugehornet the Octopode Transmuter began the quest for the
                  | Orb.
     0 | D:1      | Reached XP level 1. HP: 13/13 MP: 3/3
   282 | D:1      | Reached XP level 2. HP: 14/18 MP: 3/5
   779 | D:1      | Reached XP level 3. HP: 20/23 MP: 4/6
   783 | D:1      | Learned a level 2 spell: Sticks to Snakes
   787 | D:1      | Learned a level 3 spell: Spider Form
  1080 | D:1      | Reached skill level 1 in Poison Magic
  1588 | D:2      | Reached XP level 4. HP: 16/28 MP: 6/8
  1952 | D:2      | Mangled by a gnoll

Illustrated notes

Levels and vault maps discovered:
D:1:      ncdulo_wetmaze, layout_rooms
D:2:      layout_rooms, nicolae_qazlal_style_of_elements,
          gammafunk_temple_overflow_arena, nicolae_overflow_crystal_walls,
          chequers_ecumenical_altar_island, minmay_misc_feat_chi

Skill      XL: |  1  2  3  4 |
---------------+-------------+-----
Transmutations | 3 |  3.0
Poison Magic   | 1 2 |  2.3
Fighting       | |  1.0
Dodging        | |  2.0
Unarmed Combat | |  3.4
Spellcasting   | |  2.8

Action                   |  1- 3 |  4- 6 || total
-------------------------+-------+-------++-------
Melee: Unarmed           |    83 |    21 ||   104
       Tentacles         |    22 |     3 ||    25
       Constrict         |    25 |     5 ||    30
       Kick              |    15 |    12 ||    27
       Punch             |     4 |       ||     4
 Cast: Beastly Appendage |    26 |     4 ||    30
  Use: Potion            |       |     1 ||     1
 Stab: Sleeping          |     5 |       ||     5
  Eat: Chunk             |     1 |     2 ||     3
Armor: Skin              |     7 |     1 ||     8
Dodge: Dodged            |    55 |    17 ||    72

Table legend:
 A = Non-vault XP
 B = Vault XP
 C = Vault XP percentage of total XP
 D = Non-vault monster count
 E = Vault monster count
 F = Vault count percentage of total count
                 A         B        C        D         E       F
            +---------+---------+-------+---------+---------+-------
      Total |     131 |       0 |   0.0 |      53 |       0 |   0.0
            +---------+---------+-------+---------+---------+-------
        D:1 |      57 |       0 |   0.0 |      34 |       0 |   0.0
        D:2 |      74 |       0 |   0.0 |      19 |       0 |   0.0
            +---------+---------+-------+---------+---------+-------
